 Dungeon Crawl Stone Soup version 0.31-a0-765-g67fe2935dc (webtiles) character file.

Game seed: 1479899026077588504

9 Pixllover the Trooper (level 2, 0/19 HPs)
             Began as a Gargoyle Berserker on Sept 16, 2023.
             Was a Follower of Trog.
             Slain by a ball python (1 damage)
             ... on level 1 of the Dungeon.
             The game lasted 00:00:43 (224 turns).

Pixllover the Trooper (Gargoyle Berserker)           Turns: 224, Time: 00:00:44

Health: 0/19       AC:  2    Str: 20    XL:     2   Next: 16%
Magic:  2/2        EV:  8    Int:  7    God:    Trog [*.....]
Gold:   12         SH:  0    Dex:  9    Spells: 1/1 levels left

rFire   . . .        a - +0 mace
rCold   . . .        (no shield)
rNeg    + . .        (no body armour)
rPois   ∞            (no helmet)
rElec   +            (no cloak)
rCorr   .            (no gloves)
SInv    .            (no boots)
Will    .....        (no amulet)
Stlth   +            (no ring)
HPRegen 0.23/turn    (no ring)
MPRegen 0.08/turn

%: no passive effects
@: constricted
A: sickness immunity, AC +2, negative energy resistance 1, electricity
resistance, torment resistance 1, petrification resistance
a: Renounce Religion, Berserk


You were on level 1 of the Dungeon.
You worshipped Trog.
Trog was aware of your devotion.
You visited 1 branch of the dungeon, and saw 1 of its levels.

You collected 12 gold pieces.

Inventory:

Hand Weapons
 a - a +0 mace (weapon)
Missiles
 e - 4 poisoned darts
Armour
 b - a +0 animal skin
 h - a +0 scale mail
Scrolls
 f - a scroll of revelation {unknown}
 g - a scroll of brand weapon {unknown}
Potions
 c - a potion of invisibility {unknown}
 d - 2 potions of curing {unknown}


   Skills:
 + Level 3.5 Fighting
 + Level 3.3 Maces & Flails
 + Level 2.2 Armour
 + Level 1.6 Dodging


You had one spell level left.
You didn't know any spells.
Your spell library was empty.

Dungeon Overview and Level Annotations

Branches:
Dungeon (1/15)

Altars:


Innate Abilities, Weirdness & Mutations

You are immune to sickness and miasma.
Your stone body is resilient. (AC +2)
You are immune to poison.
You resist negative energy. (rN+)
You are resistant to electric shocks. (rElec)
You are resistant to unholy torment.
You are immune to petrification.


Message History

A dart slug comes into view.
Found a sapphire potion.
The dart slug launches a dart at you. The slug dart hits you.
The dart slug launches a dart at you. The slug dart misses you.
You see here a sapphire potion.
d - 2 sapphire potions (gained 1)
You hit the dart slug.
The dart slug is severely wounded.
A kobold comes into view.
It is wielding a +2 short sword of electrocution.
The kobold shouts!
You hit the dart slug.
The dart slug is severely wounded.
The dart slug bites you.
You sock the dart slug!
You kill the dart slug!
Trog accepts your kill.
A ball python comes into view.
The ball python hisses angrily.
You see here a dart slug corpse.
The kobold hits you with a +2 short sword of electrocution.
You closely miss the kobold. The ball python bites you.
The ball python grabs you. The ball python constricts you.
The kobold hits you with a +2 short sword of electrocution.
The ball python closely misses you. The ball python constricts you.
You hit the kobold but do no damage. The kobold hits you but does no damage.
The ball python bites you. The ball python constricts you.
You hit the kobold but do no damage. The ball python barely misses you.
The ball python constricts you.
The kobold hits you with a +2 short sword of electrocution.
The ball python bites you.
* * * LOW HITPOINT WARNING * * *
The ball python constricts you.
The kobold hits you with a +2 short sword of electrocution.
* * * LOW HITPOINT WARNING * * *
You hit the kobold but do no damage. The ball python barely misses you.
The ball python constricts you. The kobold hits you but does no damage.
You closely miss the kobold. The ball python bites you.
You die...

#####................
##.†..#####.........
......# #....... ......#
#.....## .#....# #....>#
##....## #.....+
.......# #.....#
.#####.####...†.###.##..
.##.......#.)...@.......
.##.##......###SK.......
.##.#####..........#....
....# ....#.#...........
..####........##........
..# #....#...##...!....
#.# #....#...##........
#.# #..........#.....##
..# #.......:#.


You could see a ball python and a kobold.

Vanquished Creatures
  A dart slug (D:1)
  A giant cockroach (D:1)
  3 goblins (D:1)
  A bat (D:1)
  A frilled lizard (D:1)
  A rat (D:1)
8 creatures vanquished.

Notes
Turn   | Place    | Note
-------+----------+-------------------------------------------
     0 | D:1      | Pixllover the Gargoyle Berserker began the quest for the
                  | Orb.
     0 | D:1      | Reached XP level 1. HP: 14/14 MP: 1/1
   203 | D:1      | Reached XP level 2. HP: 19/19 MP: 2/2
   224 | D:1      | Slain by a ball python

Illustrated notes

Levels and vault maps discovered:
D:1:      spicycebolla_arrival_risky_transporter, layout_basic, minmay_quantized

Action                     || total
---------------------------++-------
  Melee: Mace              ||    34
 Armour: Animal skin       ||    28
         Skin              ||    13
  Dodge: Dodged            ||    29

Table legend: (Time is in decaauts)
 A = Elapsed time spent in this place.
 B = Non-inter-level travel time spent in this place.
 C = Inter-level travel time spent in this place.
 D = Time resting spent in this place.
 E = Time spent auto-exploring this place.
 F = Levels seen in this place.
 G = Mean time per level.
                   A        B        C        D        E       F      G
               +--------+--------+--------+--------+--------+-----+--------+
         Total |    231 |    231 |      0 |      0 |     80 |   1 |  231.0 |
       Dungeon |    231 |    231 |      0 |      0 |     80 |   1 |  231.0 |
               +--------+--------+--------+--------+--------+-----+--------+

Top non-repeatable levels by time:
     D:1: 231 daAuts
